 Dungeon Crawl Stone Soup version 0.28-a0-872-g80cf8599ee (webtiles) character file.

Game seed: 9092557511645330922

413 orbtoucher the Stinger (level 6, -1/41 HPs)
             Began as an Octopode Venom Mage on Nov 21, 2021.
             Succumbed to a gnoll's poison
             ... on level 4 of the Dungeon.
             The game lasted 00:24:31 (7329 turns).

orbtoucher the Stinger (Octopode Venom Mage)        Turns: 7329, Time: 00:24:31

Health: -1/41      AC:  1    Str:  7    XL:     6   Next: 90%
Magic:  3/10       EV: 13    Int: 20    God:
Gold:   198        SH:  0    Dex: 12    Spells: 1/11 levels left

rFire   . . .      SeeInvis .   a - +0 dagger (chaos)
rCold   . . .      Faith    .   (no shield)
rNeg    + . .      Spirit   .   (helmet restricted)
rPois   .          Reflect  .   (no amulet)
rElec   .          Harm     .   g - ring of positive energy
rCorr   .          Rampage  .   (no ring)
Will    .....                   (no ring)
Stlth   +++.......              (no ring)
HPRegen 1.13/turn               (no ring)
MPRegen 0.12/turn               (no ring)
                                (no ring)
                                (no ring)

@: brilliant, lethally poisoned (-1 -> -13), flying
A: almost no armour, amphibious, 8 rings, camouflage 1, gelatinous body 1,
(nimble swimmer 1), tentacles, antennae 1, regeneration 1
a: no special abilities


You were on level 4 of the Dungeon.
You visited 1 branch of the dungeon, and saw 4 of its levels.

You collected 198 gold pieces.

Inventory:

Hand Weapons
 a - a +0 dagger of chaos (weapon)
 b - a +0 hunting sling
Missiles
 d - 99 stones
 s - 4 boomerangs (quivered)
Jewellery
 g - a ring of positive energy (left tentacle)
 i - an amulet of faith
Wands
 n - a wand of flame (18)
 t - a wand of digging (5)
Scrolls
 c - a scroll of teleportation {unknown}
 f - a scroll of torment {unknown}
 h - a scroll of enchant weapon {unknown}
 j - 4 scrolls of identify
 k - a scroll of vulnerability {unknown}
 o - a scroll of blinking {unknown}
 p - a scroll of magic mapping {unknown}
 q - a scroll of immolation {unknown}
 r - a scroll of brand weapon
Potions
 u - a potion of might


   Skills:
 + Level 2.4 Fighting
 + Level 2.5 Dodging
 + Level 3.6 Stealth
 - Level 3.0 Spellcasting
 - Level 2.0 Conjurations
 - Level 1.0 Transmutations
 - Level 2.0 Air Magic
 * Level 6.1 Poison Magic


You had one spell level left.
You knew the following spells:

 Your Spells              Type           Power      Damage    Failure   Level
a - Sting                 Tmut/Pois      100%       1d8       3%          1
b - Olgreb's Toxic Radia  Pois           41%        N/A       12%         4
c - Mephitic Cloud        Conj/Pois/Air  24%        N/A       11%         3
v - Poisonous Vapours     Pois/Air       56%        N/A       4%          2

Your spell library contained the following spells:

 Spells                   Type           Power      Damage    Failure   Level


Dungeon Overview and Level Annotations

Branches:
Dungeon (4/15)
 Temple: D:4-7

Altars:
Ashenzari

Annotations:
D:4 exclusion: steam dragon


Innate Abilities, Weirdness & Mutations

You cannot wear most types of armour.
You are amphibious.
You can wear up to eight rings at the same time.
Your skin changes colour to match your surroundings (Stealth+).
Your rubbery body absorbs attacks. (AC +1, EV +1)
((You are camouflaged near water. (Stealth+)))
You have tentacles for arms and can constrict up to eight enemies at once.
You have a pair of small antennae on your head.
Your natural rate of healing is unusually fast.


Message History

You struggle against the net.
You shred the net and break free! You hit the gnoll but do no damage.
You grab the gnoll.
The gnoll is heavily wounded.
You constrict the gnoll.
The gnoll hits you with a +1 spear of venom!
You are poisoned.
Your magical contamination has completely faded away.
Casting: Poisonous Vapours (safe; 4% risk of failure)
Confirm with . or Enter, or press ? or * to list all spells.
Aiming: Poisonous Vapours (safe; 4% risk of failure)
Press: ? - help, Dir - move target, f/p - gnoll
Aim: a gnoll, wielding a +1 spear of venom and quivering a throwing net (heavily wounded, constricted by you, poisoned) Poisonous vapours surround the gnoll!
The gnoll looks even sicker.
You constrict the gnoll, but do no damage.
You feel very sick.
The gnoll hits you with a +1 spear of venom!
You are lethally poisoned!
It was a potion of mutation.
You feel extremely strange. A pair of antennae grows on your head!
You begin to heal more quickly.
You constrict the gnoll.
You feel very sick.
The gnoll hits you with a +1 spear of venom.
You are lethally poisoned!
It was a potion of brilliance.
You feel clever all of a sudden.
You constrict the gnoll.
You kill the gnoll!
* * * LOW HITPOINT WARNING * * *
You feel extremely sick.
It was a potion of flight.
You feel very buoyant.
You fly up into the air.
* * * LOW HITPOINT WARNING * * *
You feel very sick.
As you read the scroll labelled BIMACZ KUOTO, it crumbles to dust.
It is a scroll of brand weapon.
Your +0 dagger erupts in a glittering mayhem of colour.
a - a +0 dagger of chaos (weapon)
You die...

# #### ##..............###.....
#####..## #.............##.......
##......####............#..#.....
.........####.............#......
..........####..........###......
...........# ##.......### #......
...........# ####....## #......
...........#####....>..####.รท....
(..............[@........#..#....
..........###..##)..........##...
.........## #..#............###..
.....[..## #..#...........## ##.
........# #...............## ##
.......## #..............>.##
.....### #.................##
.##### #..................## ##
#...................#


There were no monsters in sight!

Vanquished Creatures
  A vampire bat (D:3)
  A hound (D:4)
  A jelly (D:4)
  A centaur skeleton (D:4)
  3 adders
  8 gnolls
  A worm (D:2)
  2 dart slugs
  3 fire bats (D:3)
  4 orcs
  2 spectral bats (D:3)
  5 ball pythons
  3 bat skeletons (D:3)
  A bat zombie (D:3)
  8 endoplasms
  2 giant cockroaches
  9 goblins
  6 hobgoblins
  8 jackals
  5 quokkas (D:1)
  18 bats
  A bat simulacrum (D:3)
  2 frilled lizards
  5 kobolds
  3 rats
103 creatures vanquished.

Vanquished Creatures (others)
  5 fungi (D:1)
  4 plants (D:1)
9 creatures vanquished.

Grand Total: 112 creatures vanquished

Notes
Turn   | Place    | Note
-------+----------+-------------------------------------------
     0 | D:1      | orbtoucher the Octopode Venom Mage began the quest for the
                  | Orb.
     0 | D:1      | Reached XP level 1. HP: 11/11 MP: 3/3
   270 | D:1      | Reached XP level 2. HP: 15/17 MP: 3/5
   305 | D:1      | Learned a level 2 spell: Poisonous Vapours
   368 | D:1      | Reached skill level 4 in Poison Magic
   886 | D:1      | Reached XP level 3. HP: 22/22 MP: 6/6
  1303 | D:1      | Learned a level 3 spell: Mephitic Cloud
  1533 | D:1      | Found a faded altar of an unknown god.
  1644 | D:1      | Reached skill level 1 in Fighting
  2840 | D:1      | Reached XP level 4. HP: 22/28 MP: 2/7
  3632 | D:3      | Reached skill level 1 in Conjurations
  3632 | D:3      | Reached skill level 1 in Air Magic
  3632 | D:3      | Reached XP level 5. HP: 33/33 MP: 8/8
  3642 | D:3      | Reached skill level 5 in Poison Magic
  4799 | D:3      | Found a broken altar of Ashenzari.
  4849 | D:3      | Reached XP level 6. HP: 35/36 MP: 5/10
  5489 | D:4      | Noticed a steam dragon
  6155 | D:4      | Learned a level 4 spell: Olgreb's Toxic Radiance
  6725 | D:4      | Reached skill level 6 in Poison Magic
  7326 | D:4      | Gained mutation: You have a pair of small antennae on your
                  | head. [potion of mutation]
  7326 | D:4      | Gained mutation: Your natural rate of healing is unusually
                  | fast. [potion of mutation]
  7329 | D:4      | Succumbed to a gnoll's poison

Illustrated notes

Levels and vault maps discovered:
D:1:      sevenhm_arrival_forest_fort_large_2, layout_loops_cross,
          shapermc_ecumenical_altar_mp_urbaneastern, moated_statue
D:2:      layout_loops_cross, guppyfry_early_orc_mine
D:3:      layout_rooms, ashenzari_altar_1, goddamned_bats
D:4:      layout_cave_pods

Skill      XL: |  1  2  3  4  5  6 |
---------------+-------------------+-----
Stealth        | 3 |  3.6
Poison Magic   | 4 5 6 |  6.1
Fighting       | 1 2 |  2.4
Conjurations   | 1 2 |  2.0
Air Magic      | 1 2 |  2.0
Spellcasting   | 3 |  3.0
Dodging        | |  2.5
Transmutations | |  1.0

Action                   |  1- 3 |  4- 6 || total
-------------------------+-------+-------++-------
Melee: Short sword       |     5 |       ||     5
       Dagger            |    46 |   100 ||   146
       Constrict         |    14 |    18 ||    32
       Tentacles         |     4 |    17 ||    21
 Cast: Sting             |    16 |     6 ||    22
       Poisonous Vapours |    47 |    97 ||   144
  Use: Potion            |       |     3 ||     3
       Scroll            |       |     2 ||     2
 Stab: Sleeping          |     4 |     5 ||     9
       Distracted        |       |     1 ||     1
Armor: Skin              |     7 |    35 ||    42
Dodge: Dodged            |    42 |   155 ||   197

Table legend: (Time is in decaauts)
 A = Elapsed time spent in this place.
 B = Non-inter-level travel time spent in this place.
 C = Inter-level travel time spent in this place.
 D = Time resting spent in this place.
 E = Time spent auto-exploring this place.
 F = Levels seen in this place.
 G = Mean time per level.
                   A        B        C        D        E       F      G
               +--------+--------+--------+--------+--------+-----+--------+
         Total |   7334 |   7141 |    193 |   3553 |   2128 |   4 | 1833.5 |
       Dungeon |   7334 |   7141 |    193 |   3553 |   2128 |   4 | 1833.5 |
               +--------+--------+--------+--------+--------+-----+--------+

Top non-repeatable levels by time:
     D:3: 2198 daAuts
     D:1: 2038 daAuts
     D:4: 1723 daAuts
     D:2: 1374 daAuts
